 Dungeon Crawl Stone Soup version 0.25-a0-1119-g28b6fd0 (webtiles) character file.

Game seed: 13464409361144260230, levelgen mode: deterministic

1530 robertstho the Cleaver (level 8, -1/70 HPs)
             Began as a Hill Orc Fighter on May 18, 2020.
             Was a Follower of Beogh.
             Slain by an orc warrior
             ... wielding a +0 halberd
              (3 damage)
             ... on level 6 of the Dungeon.
             The game lasted 00:10:42 (6141 turns).

robertstho the Cleaver (Hill Orc Fighter)           Turns: 6141, Time: 00:10:42

Health: -1/70      AC: 15    Str: 21    XL:     8   Next: 85%
Magic:  9/9        EV:  7    Int:  8    God:    Beogh [*.....]
Gold:   341        SH: 10    Dex: 10    Spells: 7/7 levels left

rFire    + . .     SeeInvis .   a - +0 war axe
rCold    + + .     Gourm    .   c - +0 kite shield
rNeg     + . .     Faith    .   i - +2 chain mail {rC+}
rPois    .         Spirit   .   s - +0 helmet
rElec    +         Reflect  .   d - scarf {rC+ rF+}
rCorr    .         Harm     .   (no gloves)
MR       .....     Clarity  +   (no boots)
Stlth    ..........             r - amulet "Jahu" {Inacc rElec}
HPRegen  0.21/turn              w - ring of positive energy
MPRegen  0.11/turn              (no ring)

@: no status effects
A: icy blue scales 1, clarity, MP-powered wands
a: Renounce Religion


You were on level 6 of the Dungeon.
You worshipped Beogh.
Beogh was aware of your devotion.
You were not hungry.

You visited 1 branch of the dungeon, and saw 6 of its levels.

You collected 341 gold pieces.

Inventory:

Hand Weapons
 a - a +0 war axe (weapon)
Missiles
 g - 4 atropa-tipped darts
 t - 19 poisoned darts (quivered)
Armour
 c - a +0 kite shield (worn)
 d - a scarf of resistance (worn)
 i - a +2 chain mail of cold resistance (worn)
 s - a +0 helmet (worn)
Jewellery
 b - a cursed amulet of inaccuracy {unknown}
 r - the amulet "Jahu" (around neck) {Inacc rElec}
   (You found it on level 2 of the Dungeon)

   [amulet of inaccuracy]

   It reduces the accuracy of all your attacks.
   It insulates you from electricity.
 w - a ring of positive energy (left hand)
Scrolls
 j - a scroll of enchant weapon {unknown}
 k - a scroll of identify
 l - a scroll of fear {unknown}
 m - a scroll of torment {unknown}
 n - 3 scrolls of remove curse
 o - 5 scrolls of teleportation {unknown}
 q - 3 scrolls of blinking
 x - a scroll of amnesia {unknown}
Potions
 h - 2 potions of brilliance
Comestibles
 f - 12 rations
 u - 3 chunks of flesh


   Skills:
 * Level 5.8 Fighting
 * Level 9.1 Axes
 * Level 6.0 Armour
 * Level 3.1 Dodging
 + Level 0.8 Stealth
 + Level 5.3 Shields
 * Level 1.5 Invocations


You had 7 spell levels left.
You didn't know any spells.
Your spell library contained the following spells:

 Spells                   Type           Power        Failure   Level  Hunger
 Magic Dart               Conj           #...         100%        1    ##.....
 Sandblast                Erth           #.....       100%        1    ##.....
 Blink                    Tloc           N/A          100%        2    ###....
 Call Imp                 Summ           #.......     100%        2    ###....
 Passwall                 Tmut/Erth      #.......     100%        2    ###....
 Slow                     Hex            #.......     100%        2    ###....
 Conjure Flame            Conj/Fire      #.......     100%        3    ####...
 Mephitic Cloud           Conj/Pois/Air  #.......     100%        3    ####...
 Stone Arrow              Conj/Erth      #.....       100%        3    ####...
 Petrify                  Tmut/Erth      #.......     100%        4    #####..
 Lee's Rapid Deconstruct  Erth           #.........   100%        5    ######.


Dungeon Overview and Level Annotations

Branches:
Dungeon (6/15)             Temple (0/1) D:5

Altars:
Ru

Shops:
D:4 }


Innate Abilities, Weirdness & Mutations

You are partially covered in icy blue scales. (AC +2)
You possess an exceptional clarity of mind.
You expend magic power (3 MP) to strengthen your wands.


Message History

You flicker back into view.
You block the orc's attack.
The orc priest mumbles some strange prayers to Beogh against you.
Pain shoots through your body!
* * * LOW HITPOINT WARNING * * *
The orc warrior hits you with a +0 halberd.
* * * LOW HITPOINT WARNING * * *
The orc warrior hits you with a +0 glaive!
* * * LOW HITPOINT WARNING * * *
It was a potion of mutation.
You feel extremely strange.
You feel your magical essence link to the dungeon's wands.
Your thoughts seem clearer.
Icy blue scales grow over part of your body.
The orc hits you from afar with a +0 trident.
* * * LOW HITPOINT WARNING * * *
You block the orc warrior's attack. The orc warrior closely misses you.
The orc warrior hits you from afar with a +0 halberd.
You die...
Beogh appreciates the orc warrior's killing of a heretic priest.

......... ## # ........# .##
## ........# ..## .. #.
........## ...### ... ##.
.........## ##.$...##....###..
.../......###.............(...
.....!.†...oo................#
......)....o..................
.......[...o.@................
.......÷......................
!.............................
..............................
......#..................#####
....#####..............### #
..## ###............# #.
##..#.#......# ##...##.....# #


You could see 2 orc warriors, an orc priest and an orc.

Vanquished Creatures
  Pikel (D:4)
  An ice beast (D:6)
  A phantom (D:5)
  3 slaves
  An ogre (D:3)
  2 scorpions
  2 howler monkeys
  A crimson imp (D:4)
  A bullfrog zombie (D:5)
  An orc priest (D:5)
  2 bullfrog skeletons
  2 hounds
  Ijyb (D:3)
  An orc wizard (D:6)
  3 worker ants
  A hound skeleton (D:6)
  2 howler monkey zombies
  Robin (D:2)
  5 adders
  7 gnolls
  2 shadow imps (D:5)
  2 oozes (D:2)
  A worm (D:5)
  3 dart slugs
  2 leopard geckos (D:3)
  15 orcs
  A ball python (D:5)
  10 bats
  3 giant cockroaches
  13 goblins
  6 hobgoblins
  9 kobolds
  2 quokkas
  5 frilled lizards
  A jackal zombie (D:5)
  7 rats
121 creatures vanquished.

Vanquished Creatures (others)
  An orc wizard (D:5)
  3 orcs (D:5)
  4 plants (D:2)
8 creatures vanquished.

Grand Total: 129 creatures vanquished

Notes
Turn   | Place    | Note
-------+----------+-------------------------------------------
     0 | D:1      | robertstho the Hill Orc Fighter began the quest for the
                  | Orb.
     0 | D:1      | Reached XP level 1. HP: 19/19 MP: 1/1
   213 | D:1      | Reached XP level 2. HP: 27/27 MP: 2/2
   477 | D:1      | Reached skill level 3 in Axes
   918 | D:1      | Reached XP level 3. HP: 27/33 MP: 3/3
  1180 | D:2      | Got a warped sapphire amulet
  1220 | D:2      | Noticed Robin
  1260 | D:2      | Killed Robin
  1260 | D:2      | Reached skill level 4 in Axes
  1264 | D:2      | Reached XP level 4. HP: 30/40 MP: 4/4
  1740 | D:2      | Found a sacrificial altar of Ru.
  1869 | D:2      | Reached skill level 1 in Dodging
  2047 | D:3      | Reached XP level 5. HP: 28/46 MP: 5/5
  2053 | D:3      | Reached skill level 5 in Axes
  2919 | D:3      | Noticed Ijyb
  2938 | D:3      | Killed Ijyb
  3330 | D:4      | Noticed a slave
  3331 | D:4      | Noticed a slave
  3332 | D:4      | Noticed a slave
  3333 | D:4      | Noticed Pikel
  3334 | D:4      | Noticed a slave
  3340 | D:4      | Killed a slave
  3341 | D:4      | Noticed an ogre
  3360 | D:4      | Identified the amulet "Jahu" {Inacc rElec} (You found it on
                  | level 2 of the Dungeon)
  3667 | D:3      | Killed an ogre
  3667 | D:3      | Reached XP level 6. HP: 36/53 MP: 6/6
  3705 | D:3      | Killed a slave
  3706 | D:3      | Killed a slave
  4021 | D:4      | Killed Pikel
  4021 | D:4      | Reached skill level 5 in Fighting
  4021 | D:4      | Reached skill level 7 in Axes
  4021 | D:4      | Reached skill level 5 in Armour
  4021 | D:4      | Reached XP level 7. HP: 60/61 MP: 7/7
  4143 | D:4      | Reached XP level 8. HP: 59/68 MP: 8/8
  4351 | D:4      | Found Hiech's Gadget Shop.
  4544 | D:5      | Entered Level 5 of the Dungeon
  4808 | D:5      | Reached skill level 5 in Shields
  4998 | D:5      | Reached skill level 8 in Axes
  5088 | D:5      | Found a staircase to the Ecumenical Temple.
  5114 | D:5      | Became a worshipper of Beogh the Brigand
  5874 | D:6      | Reached skill level 1 in Invocations
  5995 | D:6      | Reached skill level 9 in Axes
  6119 | D:6      | Reached * piety under Beogh
  6140 | D:6      | Gained mutation: You expend magic power (3 MP) to
                  | strengthen your wands. [potion of mutation]
  6140 | D:6      | Gained mutation: You possess an exceptional clarity of
                  | mind. [potion of mutation]
  6140 | D:6      | Gained mutation: You are partially covered in icy blue
                  | scales. (AC +2) [potion of mutation]
  6140 | D:6      | HP: 2/70 [orc/+0 trident (3)]
  6141 | D:6      | Slain by an orc warrior

Illustrated notes

Levels and vault maps discovered:
D:1:      onia_arrival_mini_spirals, layout_basic
D:2:      layout_loops_ring, marbit_many_paths, first_ration, serial_bayou,
          serial_bayou_pond_d, serial_bayou_pond_e, serial_bayou_lagoon_a,
          serial_bayou_pond_e, serial_bayou_pond_a, serial_bayou_pond_e,
          eino_tiny_chamber, uniq_robin
D:3:      layout_basic, kennysheep_path_1, minmay_misc_feat_rugged,
          grunt_ministairs_14, uniq_ijyb
D:4:      layout_cave_pools, serial_shops, kennysheep_mini, uniq_pikel
D:5:      layout_gridville, minmay_temple_entry_sparse_star
D:6:      cheibrodos_iron_armory, layout_layer_cave, corexii_leaking_fountain,
          kennysheep_opposing_triangles, uniq_duvessa

Skill      XL: |  1  2  3  4  5  6  7  8 |
---------------+-------------------------+-----
Fighting       | 4 5 |  5.8
Axes           | 3 4 5 7 9 |  9.1
Dodging        | 1 2 3 |  3.1
Armour         | 4 5 6 |  6.0
Shields        | 4 5 |  5.3
Invocations    | 1 |  1.5
Stealth        | |  0.8

Action                   |  1- 3 |  4- 6 |  7- 9 || total
-------------------------+-------+-------+-------++-------
Melee: War axe           |   136 |   228 |   305 ||   669
Invok: Convert to Beogh  |       |       |     1 ||     1
  Use: Potion            |       |     9 |     4 ||    13
       Scroll            |       |     2 |     3 ||     5
 Stab: Invisible         |       |     4 |     2 ||     6
  Eat: Chunk             |     1 |     8 |     2 ||    11
       Ration            |       |       |     2 ||     2
Armor: Scale mail        |    59 |    92 |    34 ||   185
       Skin              |       |    57 |       ||    57
       Chain mail        |       |       |   135 ||   135
Dodge: Dodged            |    53 |    96 |    84 ||   233
Block: Kite shield       |    81 |   131 |   157 ||   369

Table legend:
 A = Non-vault XP
 B = Vault XP
 C = Vault XP percentage of total XP
 D = Non-vault monster count
 E = Vault monster count
 F = Vault count percentage of total count
                 A         B        C        D         E       F
            +---------+---------+-------+---------+---------+-------
      Total |    1497 |     690 |  31.6 |     106 |      15 |  12.4
            +---------+---------+-------+---------+---------+-------
        D:1 |      35 |       0 |   0.0 |      19 |       0 |   0.0
        D:2 |      80 |      35 |  30.4 |      19 |      12 |  38.7
        D:3 |     235 |      38 |  13.9 |      22 |       2 |   8.3
        D:4 |     159 |     617 |  79.5 |       5 |       1 |  16.7
        D:5 |     525 |       0 |   0.0 |      22 |       0 |   0.0
        D:6 |     463 |       0 |   0.0 |      19 |       0 |   0.0
            +---------+---------+-------+---------+---------+-------
